Map: Whispers of Gold

Players

INexorable - Winner!

  • Race: Terran Terran
  • Spawn Location: 5:00

Erik

  • Race: Zerg Zerg
  • League: Master
  • Spawn Location: 9:00

VOD

Have the link to the VOD?

Description

Time

  • Played on: Jan. 19, 2025, 1:16 p.m.
  • Length: 13:07
Show
View Real Time Build Order
Export as new Build Order

INexorable Terran - Winner!

Build Orders: Reaper Expand 

Get SALT Encoding   

  12  0:00  SCV  
  13  0:12  SCV  
  14  0:17  Supply Depot  
  14  0:24  SCV  
  15  0:39  SCV  
  15  0:40  Barracks  
  16  0:44  Refinery  
  16  0:51  SCV  
  17  1:03  SCV  
  18  1:15  SCV  
  19  1:27  Reaper, Orbital Command  
  20  1:42  Command Center  
  20  1:50  Supply Depot  
  20  1:54  SCV  
  21  1:58  Marine  
  22  2:06  SCV  
  23  2:13  Factory  
  23  2:18  SCV  
  23  2:21  Barracks Reactor  
  24  2:30  SCV  
  25  2:42  SCV  
  26  2:46  Command Center  
  26  2:54  SCV  
  26  2:55  Orbital Command  
  27  3:05  Barracks  
  27  3:07  SCV  
  28  3:17  Hellion  
  28  3:19  SCV, Hellion  
  33  3:22  SCV  
  33  3:26  Barracks Tech Lab  
  34  3:31  SCV  
  34  3:34  SCV  
  35  3:43  SCV  
  35  3:44  Refinery  
  35  3:46  Stimpack, SCV, Marine  
  38  3:53  Starport  
  38  3:55  SCV  
  39  3:58  Marine x2  
  39  3:59  SCV  
  42  4:03  Orbital Command  
  42  4:05  Factory Reactor  
  42  4:07  SCV  
  43  4:10  Marine  
  43  4:11  SCV  
  43  4:16  Marine  
  46  4:19  SCV  
  46  4:20  Marine  
  46  4:23  SCV  
  49  4:27  Marine  
  49  4:31  SCV  
  49  4:34  Marine  
  49  4:35  SCV  
  49  4:37  SCV, Engineering Bay x2  
  49  4:38  Marine  
  53  4:45  Medivac x2  
  57  4:47  Marine  
  57  4:50  Orbital Command  
  61  4:53  Supply Depot, Refinery, Marine  
  61  4:55  Refinery  
  61  4:59  SCV  
  61  5:02  Supply Depot  
  61  5:05  Barracks  
  61  5:06  Marine  
  61  5:07  SCV  
  63  5:08  Marine  
  63  5:11  SCV, Terran Infantry Weapons Level 1  
  63  5:13  Marine  
  64  5:17  SCV  
  64  5:19  SCV, Terran Infantry Armor Level 1  
  66  5:23  SCV  
  66  5:25  Supply Depot  
  66  5:27  Marine x2  
  66  5:28  Factory Tech Lab  
  69  5:29  SCV  
  69  5:31  SCV  
  69  5:32  Marine  
  69  5:33  Starport Reactor  
  69  5:35  SCV  
  73  5:41  Barracks  
  73  5:42  Barracks  
  73  5:44  SCV, Marine  
  73  5:45  SCV  
  73  5:49  Marine  
  77  5:50  Marine  
  77  5:51  Siege Tank  
  77  5:52  Combat Shield  
  77  5:55  SCV  
  77  5:56  SCV  
  83  5:59  SCV  
  83  6:00  Supply Depot  
  83  6:03  Marine x3  
  87  6:06  Marine  
  87  6:07  SCV  
  87  6:11  SCV  
  87  6:13  Marine  
  87  6:16  SCV  
  90  6:19  SCV  
  90  6:24  Medivac x2  
  90  6:25  SCV, Armory  
  95  6:28  SCV  
  95  6:30  Barracks Reactor x2  
  95  6:31  SCV  
  95  6:33  Marine x2  
  95  6:34  Marine  
  95  6:37  SCV  
  98  6:40  SCV  
  98  6:41  Marine x2  
  101  6:50  SCV  
  101  6:51  Marine  
  101  6:55  SCV, Marine  
  101  6:57  Siege Tank  
  101  6:58  SCV  
  101  7:00  Marine  
  101  7:01  Marine x2  
  97  7:02  Supply Depot  
  97  7:04  SCV  
  97  7:08  Supply Depot  
  94  7:09  Supply Depot  
  94  7:13  Marine x6  
  100  7:18  Terran Infantry Armor Level 2  
  100  7:19  Terran Infantry Weapons Level 2  
  101  7:27  Supply Depot  
  101  7:28  SCV  
  101  7:29  Widow Mine, Marine x2  
  105  7:30  Marine x2  
  107  7:37  Marine  
  107  7:38  Marine x2  
  107  7:39  Marine x2  
  107  7:40  Command Center  
  112  7:47  Marine x3  
  112  7:49  Supply Depot  
  115  7:51  Terran Vehicle Weapons Level 1  
  115  7:52  Factory  
  115  7:53  Marine  
  116  8:00  Marine  
  116  8:01  SCV x2  
  116  8:03  Marine x2  
  120  8:06  Marine x2, Marauder  
  120  8:07  Siege Tank  
  120  8:09  SCV  
  128  8:13  SCV  
  128  8:15  SCV  
  128  8:17  Marine  
  128  8:18  Marine  
  125  8:24  Marine x2  
  125  8:25  Marine x2  
  126  8:29  Marine x3  
  126  8:30  Supply Depot, Medivac x2  
  126  8:33  SCV  
  134  8:37  Barracks x3, SCV  
  134  8:38  SCV  
  134  8:40  Refinery  
  134  8:41  Factory Tech Lab, Refinery  
  136  8:43  Siege Tank  
  136  8:46  Marine x2  
  136  8:48  Concussive Shells  
  141  8:51  Marine x2  
  141  8:52  Marine x2  
  141  8:54  Supply Depot  
  145  8:56  SCV x2  
  145  8:59  Marauder  
  145  9:00  Siege Tank  
  152  9:05  Supply Depot  
  152  9:08  SCV  
  149  9:12  Marine  
  149  9:15  Marine x2  
  149  9:16  Marine x4  
  154  9:18  SCV  
  154  9:20  Planetary Fortress  
  154  9:21  Marine, Marauder  
  158  9:25  Sensor Tower  
  158  9:27  Marine  
  158  9:28  Siege Tank  
  161  9:33  Marine  
  161  9:34  Siege Tank  
  161  9:37  Marine  
  161  9:38  Barracks Tech Lab x2  
  159  9:41  Marine  
  159  9:42  Marine, Marauder  
  159  9:44  Marine  
  163  9:49  Marine  
  163  9:52  Terran Infantry Weapons Level 3  
  164  9:56  Marine  
  164  9:57  Marauder  
  154  10:00  Siege Tank  
  154  10:01  Marine, Marauder  
  154  10:02  Marine  
  154  10:03  Marine, Marauder  
  154  10:04  SCV x3  
  154  10:05  Barracks Tech Lab  
  154  10:06  SCV  
  168  10:19  Marine, Marauder  
  168  10:20  Marine  
  168  10:21  Siege Tank  
  174  10:23  Marauder  
  174  10:25  Terran Infantry Armor Level 3  
  174  10:26  Medivac, Marine  
  174  10:27  Marine  
  174  10:28  Marine, Marauder  
  179  10:30  Marauder  
  168  10:38  Marine  
  168  10:39  Marine  
  168  10:41  Marine, Marauder  
  158  10:44  Marauder  
  158  10:47  Medivac  
  158  10:48  Marine  
  158  10:49  Marauder  
  159  10:50  Marine  
  159  10:51  Marauder  
  159  10:52  Command Center  
  159  10:54  Marine  
  159  10:55  Marine  
  159  10:56  Medivac  
  159  10:57  Marine  
  158  10:58  Marine  
  158  11:02  Marauder  
  154  11:05  Siege Tank, Marine  
  154  11:06  Marauder  
  154  11:10  Marine  
  154  11:11  Marauder  
  158  11:14  Siege Tank  
  158  11:16  Marine  
  158  11:17  Marauder  
  158  11:18  SCV  
  154  11:20  Marine  
  154  11:21  Marine  
  154  11:22  SCV, Marine  
  154  11:24  Marine  
  139  11:26  Marine  
  135  11:33  Marine  
  135  11:34  Marauder  
  135  11:35  SCV x3  
  135  11:38  Marine  
  135  11:39  SCV, Marauder  
  142  11:44  Marine  
  143  11:47  SCV x3  
  143  11:50  Marine  
  143  11:51  SCV, Marauder  
  143  11:53  Marine x2  
  143  11:54  Marauder  
  154  11:57  Marine  
  154  12:00  Marine x2, Marauder  
  159  12:01  SCV  
  159  12:02  SCV  
  159  12:04  SCV, Marine  
  159  12:08  Siege Tank  
  163  12:12  Marine  
  163  12:13  Marauder  
  166  12:16  Marine  
  166  12:19  Marine  
  166  12:21  Marine, Marauder  
  171  12:24  Marine x2  
  171  12:25  Marauder  
  171  12:27  SCV  
  171  12:28  SCV x2, Marine  
  176  12:30  Marine  
  176  12:32  Marine  
  176  12:33  Marauder  
  177  12:37  Marine x2  
  177  12:38  Marauder  
  177  12:39  SCV x2  
  177  12:41  Marine  
Show
View Real Time Build Order
Export as new Build Order

Erik Zerg 

Build Orders: Hatch First 

Get SALT Encoding   

  12  0:00  Drone  
  13  0:10  Drone  
  13  0:13  Extractor  
  13  0:15  Drone  
  15  0:22  Overlord  
  15  0:41  Drone  
  16  0:47  Hatchery  
  15  0:50  Drone  
  15  0:54  Drone  
  17  0:58  Drone  
  17  1:00  Extractor  
  17  1:14  Spawning Pool  
  17  1:17  Drone  
  17  1:20  Drone  
  18  1:26  Drone  
  19  1:37  Drone  
  20  1:48  Drone  
  21  2:00  Queen  
  21  2:01  Queen  
  25  2:02  Metabolic Boost  
  25  2:05  Zergling x2  
  26  2:09  Zergling x2  
  27  2:16  Drone  
  28  2:29  Hatchery  
  27  2:34  Drone  
  27  2:35  Overlord  
  27  2:40  Overlord  
  27  2:55  Drone  
  27  2:57  Drone  
  29  2:58  Drone  
  29  2:59  Drone  
  29  3:00  Drone x2  
  33  3:06  Queen  
  33  3:10  Drone x3  
  33  3:12  Drone  
  39  3:14  Drone  
  40  3:29  Drone x2  
  41  3:44  Queen  
  41  3:45  Queen  
  41  3:46  Zergling x4, Roach Warren  
  41  3:47  Zergling x4  
  41  3:48  Drone  
  49  3:49  Drone  
  49  3:54  Overlord  
  50  4:00  Overlord  
  50  4:07  Overlord  
  50  4:13  Drone x5  
  50  4:16  Drone x2  
  50  4:17  Drone  
  58  4:28  Roach  
  58  4:29  Roach x3  
  66  4:32  Drone x4  
  70  4:39  Lair  
  70  4:42  Extractor  
  70  4:44  Drone x3  
  72  4:48  Extractor  
  72  4:50  Overlord, Extractor  
  72  4:51  Drone  
  72  4:52  Drone  
  72  4:53  Spore Crawler  
  72  4:55  Spore Crawler  
  72  4:56  Spore Crawler  
  69  5:07  Hatchery  
  69  5:11  Drone x6  
  74  5:14  Overlord  
  74  5:22  Evolution Chamber  
  74  5:23  Evolution Chamber  
  74  5:26  Overlord  
  74  5:27  Drone x2  
  74  5:31  Overlord  
  74  5:33  Drone x6  
  80  5:36  Drone  
  80  5:37  Drone  
  80  5:41  Extractor  
  80  5:42  Extractor  
  80  5:43  Drone x2  
  80  5:44  Drone x2  
  84  5:50  Roach  
  84  5:51  Roach x3  
  84  5:54  Overlord  
  92  6:02  Overlord  
  90  6:13  Zerg Missile Weapons Level 1, Overlord, Zerg Ground Armor Level 1  
  90  6:14  Glial Reconstitution  
  90  6:19  Drone x5, Overlord  
  90  6:20  Drone x3  
  90  6:24  Overlord x2  
  96  6:35  Roach x5  
  102  6:43  Roach x2  
  106  6:52  Queen  
  106  6:53  Roach  
  106  6:54  Roach x2  
  102  6:55  Drone  
  102  6:56  Drone  
  102  6:57  Drone  
  102  6:58  Drone  
  102  6:59  Pneumatized Carapace  
  100  7:03  Roach x2  
  100  7:04  Ravager x4  
  108  7:15  Zergling x12  
  114  7:20  Infestation Pit  
  113  7:25  Zergling x6  
  113  7:27  Drone x2  
  118  7:35  Drone x4  
  122  7:38  Ravager  
  122  7:41  Overlord  
  122  7:42  Overlord x3  
  123  7:46  Spore Crawler  
  123  7:49  Roach x3  
  128  7:56  Overlord  
  128  8:04  Roach  
  128  8:05  Roach x7  
  145  8:08  Infestor x2  
  145  8:13  Drone x2  
  145  8:16  Spore Crawler  
  131  8:28  Drone  
  131  8:31  Extractor  
  131  8:32  Roach x5  
  141  8:39  Ravager  
  141  8:40  Drone  
  141  8:41  Drone x2  
  145  8:42  Hive  
  145  8:45  Queen x2  
  150  8:48  Zergling x6  
  150  8:49  Zergling x2  
  150  8:52  Zergling x2  
  150  8:53  Zergling x2  
  155  8:59  Zerg Melee Weapons Level 1, Zerg Ground Armor Level 2  
  155  9:00  Baneling Nest  
  154  9:12  Zergling x12  
  156  9:18  Overlord  
  156  9:22  Drone  
  155  9:24  Drone x3, Extractor x2  
  155  9:25  Drone x3  
  154  9:34  Drone x6  
  157  9:40  Zergling x2  
  157  9:41  Zergling x6  
  157  9:47  Centrifugal Hooks  
  157  9:52  Spore Crawler  
  156  9:54  Adrenal Glands  
  156  9:55  Spore Crawler  
  156  9:56  Spore Crawler  
  156  9:57  Spore Crawler  
  150  10:00  Drone  
  150  10:06  Zergling x18  
  158  10:21  Zergling x4  
  158  10:24  Overlord x7  
  128  10:40  Roach  
  128  10:41  Roach x5  
  123  10:49  Roach x3  
  129  10:50  Roach x3  
  129  10:51  Ravager x2  
  129  10:52  Ravager x2  
  129  10:54  Roach  
  127  11:06  Roach x3  
  110  11:21  Queen x2, Roach x3  
  110  11:22  Queen  
  98  11:28  Roach x3  
  94  11:37  Zergling x6  
  87  11:41  Ravager x4  
  87  11:43  Hatchery  
  90  11:50  Roach  
  90  11:51  Roach x2  
  90  11:53  Ravager  
  90  11:54  Ravager x2  
  99  11:55  Infestor x2  
  103  12:07  Roach x5  
  110  12:09  Hatchery  
  110  12:11  Roach x2  
  110  12:14  Zergling x4  
  115  12:16  Zergling x2  
  116  12:29  Zergling x10  
  124  12:30  Zergling x6  
  124  12:42  Roach x4  
Tags
 
Add a new tag
Caveats
  • Supply blocks, unpowered buildings, or Contaminate may cause inaccurate times.
  • Supply counts are checked every 10 seconds.